 Dungeon Crawl Stone Soup version 0.28-a0-500-g121bc3e445 (webtiles) character file.

Game seed: 7933774923155753548

827 MikuNakano the Shield-Bearer (level 7, -4/37 HPs)
             Began as a Vine Stalker Fighter on Sept 19, 2021.
             Was an Initiate of Okawaru.
             Killed by divine providence
             ... invoked by an orc priest
              (14 damage)
             ... on level 5 of the Dungeon.
             The game lasted 00:05:27 (4423 turns).

MikuNakano the Shield-Bearer (Vine Stalker Fighter) Turns: 4423, Time: 00:05:28

Health: -4/37      AC: 15    Str: 20    XL:     7   Next: 97%
Magic:  0/8        EV: 10    Int:  8    God:    Okawaru [......]
Gold:   152        SH:  5    Dex: 14    Spells: 6/6 levels left

rFire   . . .      SeeInvis .   a - +1 long sword
rCold   . . .      Faith    .   c - +0 buckler
rNeg    . . .      Spirit   +   b - +0 scale mail
rPois   .          Reflect  .   (no helmet)
rElec   .          Harm     .   d - +1 cloak {Will+}
rCorr   .          Rampage  .   n - +1 pair of gloves
Will    +....                   (no boots)
Stlth   ..........              (no amulet)
HPRegen 1.12/turn               i - +4 ring of protection
MPRegen 0.11/turn               (no ring)

@: no status effects
A: fangs 2, regeneration 1, magic shield, antimagic bite, no potion heal 2
a: Renounce Religion


You were on level 5 of the Dungeon.
You worshipped Okawaru.
Okawaru was noncommittal.
You visited 1 branch of the dungeon, and saw 6 of its levels.

You collected 152 gold pieces.

Inventory:

Hand Weapons
 a - a +1 long sword (weapon)
Armour
 b - a +0 scale mail (worn)
 c - a +0 buckler (worn)
 d - a +1 cloak of willpower (worn)
 n - a +1 pair of gloves (worn)
Jewellery
 e - a ring of wizardry
 i - a +4 ring of protection (left hand)
Wands
 g - a wand of flame (10)
Scrolls
 j - 3 scrolls of enchant weapon
 k - 2 scrolls of amnesia
 l - a scroll of noise
 m - a scroll of blinking {unknown}
 o - a scroll of fear {unknown}
Potions
 f - 2 potions of curing
 h - a potion of flight


   Skills:
 + Level 4.0 Fighting
 + Level 3.9 Long Blades
 + Level 3.8 Armour
 + Level 2.4 Dodging
 * Level 5.2 Shields


You had 6 spell levels left.
You didn't know any spells.
Your spell library contained the following spells:

 Spells                   Type           Power      Damage    Failure   Level
 Ensorcelled Hibernation  Hex/Ice        0%         N/A       88%         2
 Tukima's Dance           Hex            Unusable   N/A       N/A         3

Dungeon Overview and Level Annotations

Branches:
Dungeon (6/15)
 Temple: D:4-7

Altars:
Gozag
Makhleb
Okawaru
Sif Muna
The Shining One

Shops:
D:2 [

Annotations:
D:5 Prince Ribbit


Innate Abilities, Weirdness & Mutations

You have extremely sharp teeth.
Your natural rate of healing is unusually fast.
When hurt, damage is shared between your health and your magic reserves.
Your bite disrupts and absorbs the magic of your enemies.
Potions cannot restore your health.


Message History

The orc priest closely misses you.
The orc priest casts a cantrip, but nothing happens.
You see here a dart slug corpse.
Prince Ribbit blinks!
There is a stone staircase leading down here.
You climb downwards.
Found a stone staircase leading up.
There is a stone staircase leading up here.
You hit the orc but do no damage. You bite the orc, but do no damage.
The orc closely misses you. The orc barely misses you.
You hit the orc but do no damage. You block the orc's attack.
You barely miss the orc. You bite the orc, but do no damage.
You block the orc's attack.
You slash the orc!
You kill the orc!
Okawaru accepts your kill.
Things that are here:
a +0 whip; a +0 chain mail; an orc corpse
There is a stone staircase leading up here.
You climb upwards.
Level annotation: Prince Ribbit Prince Ribbit catches a fly with his tongue.
You block the iguana's attack.
There is a stone staircase leading down here.
You closely miss Prince Ribbit. You bite Prince Ribbit.
Prince Ribbit's magic leaks into the air.
You drain his magic.
Prince Ribbit is severely wounded.
Prince Ribbit hits you! The iguana bites you!
The orc priest hits you but does no damage.
Prince Ribbit barely misses you.
You slash Prince Ribbit! Your bite misses Prince Ribbit.
Prince Ribbit is almost dead.
The iguana bites you!
The orc priest hits you but does no damage.
Prince Ribbit falters for a moment.
The iguana bites you!
* * * LOW HITPOINT WARNING * * *
The orc priest invokes the aid of Beogh against you.
Beogh smites you!
You die...

.....# .....# ..# ##.#
.....# ... ..' .....#
#.# ..#####
.....####.# #.....###
...§...##l# #.#......
##.....##.#####.......
###....##.#>....o.#
.......)...†...F@.#
..##.####........l#
..'...............#
..##..####..#######
............#
...##.#####.# .<.....
#.# ...###.# #.# ####


You could see Prince Ribbit, an iguana and an orc priest.

Vanquished Creatures
  Grinder (D:3)
  Sigmund (D:2)
  An ogre (D:4)
  An orc priest (D:4)
  2 hounds
  Crazy Yiuf (D:2)
  2 orc wizards (D:4)
  Terence (D:2)
  A hound zombie (D:5)
  Robin (D:4)
  4 adders
  An ufetubus (D:5)
  4 worms (D:2)
  3 dart slugs
  12 orcs
  3 endoplasms
  3 giant cockroaches
  14 goblins
  12 hobgoblins
  8 jackals
  2 kobolds
  5 quokkas
  3 ball pythons
  5 bats
  3 frilled lizards
  4 rats
  A spectral goblin (D:1)
99 creatures vanquished.

Notes
Turn   | Place    | Note
-------+----------+-------------------------------------------
     0 | D:1      | MikuNakano the Vine Stalker Fighter began the quest for the
                  | Orb.
     0 | D:1      | Reached XP level 1. HP: 11/11 MP: 2/2
   125 | D:1      | Reached XP level 2. HP: 16/16 MP: 3/3
   404 | D:1      | Reached skill level 3 in Shields
   553 | D:1      | Found a faded altar of an unknown god.
   733 | D:1      | Reached XP level 3. HP: 17/19 MP: 4/4
  1727 | D:2      | Gained mutation: Your natural rate of healing is unusually
                  | fast. [Vine Stalker growth]
  1727 | D:2      | Reached XP level 4. HP: 8/24 MP: 2/5
  1765 | D:2      | Noticed Terence
  1793 | D:2      | Killed Terence
  2074 | D:2      | Noticed Sigmund
  2084 | D:2      | Killed Sigmund
  2085 | D:2      | Reached skill level 1 in Dodging
  2085 | D:2      | Reached skill level 4 in Shields
  2085 | D:2      | Reached XP level 5. HP: 16/28 MP: 2/6
  2085 | D:2      | Reached XP level 6. HP: 18/32 MP: 2/7
  2322 | D:2      | Found a runed translucent door.
  2323 | D:2      | Noticed Crazy Yiuf
  2396 | D:2      | Found Ybeilua's Armour Emporium.
  2566 | D:2      | Killed Crazy Yiuf
  3067 | D:3      | Noticed Grinder
  3075 | D:3      | Paralysed by Grinder for 7 turns
  3087 | D:3      | Killed Grinder
  3088 | D:3      | Reached XP level 7. HP: 37/37 MP: 8/8
  3645 | D:4      | Noticed Robin
  3706 | D:4      | Killed Robin
  3793 | D:4      | Found an iron altar of Okawaru.
  3832 | D:4      | Became a worshipper of Warmaster Okawaru
  3880 | D:4      | Reached skill level 5 in Shields
  3974 | D:4      | Found a glowing golden altar of the Shining One.
  4075 | D:4      | Found an opulent altar of Gozag.
  4211 | D:4      | Found a burning altar of Makhleb.
  4236 | D:5      | Entered Level 5 of the Dungeon
  4349 | D:5      | Found a shimmering blue altar of Sif Muna.
  4390 | D:5      | Noticed Prince Ribbit
  4423 | D:5      | Killed from afar by an orc priest

Illustrated notes

Levels and vault maps discovered:
D:1:      wander_arrival_desolate, layout_loops_ring,
          dreamdust_ecumenical_altar_drowned_temple, corner_web_ring,
          chequers_serial_rivers_large_b
D:2:      layout_basic, serial_shops, nicolae_diamond_shop, wad_orctagon,
          uniq_crazy_yiuf_cottage, uniq_sigmund, uniq_terence
D:3:      layout_basic, uniq_grinder
D:4:      layout_cave_pools, general_overflow_altar,
          nicolae_tso_swordbearing_angel, lemuel_round_altar, kennysheep_mini,
          nrook_campfire, uniq_robin
D:5:      layout_basic, mainiacjoe_overflow_surrounded_room,
          mainiacjoe_overflow_brackets, uniq_prince_ribbit1
D:6:      kennysheep_kobold_camp, layout_loops_ring, slow_altar_2,
          mainiacjoe_overflow_alcove_1, minmay_temple_entry_mist, uniq_pikel,
          uniq_eustachio

Skill      XL: |  1  2  3  4  5  6  7 |
---------------+----------------------+-----
Long Blades    | 2 3 |  3.9
Shields        | 3 4 5 |  5.2
Fighting       | 3 4 |  4.0
Armour         | 3 |  3.8
Dodging        | 1 2 |  2.4

Action                   |  1- 3 |  4- 6 |  7- 9 || total
-------------------------+-------+-------+-------++-------
Melee: Long sword        |   110 |    97 |   122 ||   329
       Bite              |    30 |    24 |    32 ||    86
  Use: Scroll            |     2 |     1 |     4 ||     7
       Potion            |       |     2 |     4 ||     6
Armor: Scale mail        |    62 |    47 |   147 ||   256
Dodge: Dodged            |    56 |    42 |   121 ||   219
Block: Buckler           |    34 |    20 |    71 ||   125

Table legend: (Time is in decaauts)
 A = Elapsed time spent in this place.
 B = Non-inter-level travel time spent in this place.
 C = Inter-level travel time spent in this place.
 D = Time resting spent in this place.
 E = Time spent auto-exploring this place.
 F = Levels seen in this place.
 G = Mean time per level.
                   A        B        C        D        E       F      G
               +--------+--------+--------+--------+--------+-----+--------+
         Total |   4558 |   4322 |    236 |      0 |   3533 |   6 |  759.7 |
       Dungeon |   4558 |   4322 |    236 |      0 |   3533 |   6 |  759.7 |
               +--------+--------+--------+--------+--------+-----+--------+

Top non-repeatable levels by time:
     D:2: 1698 daAuts
     D:3: 1035 daAuts
     D:1: 1009 daAuts
     D:4: 620 daAuts
     D:5: 185 daAuts
     D:6: 8 daAuts
